 Dungeon Crawl Stone Soup version 0.32-a0-599-gba8f9cf90e (webtiles) character file.

Game seed: 1388175049361970796

76 Shayle the Apothecary (level 4, -8/33 HPs)
             Began as a Coglin Alchemist on Mar 2, 2024.
             Mangled by Sigmund
             ... wielding a +0 scythe
              (10 damage)
             ... on level 2 of the Dungeon.
             The game lasted 00:03:59 (1667 turns).

Shayle the Apothecary (Coglin Alchemist)            Turns: 1667, Time: 00:03:59

Health: -8/33      AC:  3    Str:  8    XL:     4   Next: 32%
Magic:  6/6        EV: 13    Int: 15    God:
Gold:   94         SH:  0    Dex: 18    Spells: 2/6 levels left

rFire   + . .        c - +2 dagger (speed) {Ning}
rCold   + + .        (no shield)
rNeg    . . .        a - +0 robe
rPois   +            (no helmet)
rElec   +            (no cloak)
rCorr   +            (no gloves)
SInv    .            i - +0 pair of boots
Will    .....        (amulet unavailable)
Stlth   ++           (ring unavailable)
HPRegen 0.00/turn    (ring unavailable)
MPRegen 0.10/turn    (no gizmo)

%: no passive effects
@: resistant, inhibited regen, invisible, revving
A: off-hand wielding, slow wielding, warmup strikes, no jewellery, agile 1, cold
resistance 1, inhibited regeneration
a: Invent Gizmo


You were on level 2 of the Dungeon.
You visited 1 branch of the dungeon, and saw 2 of its levels.

You collected 94 gold pieces.

Inventory:

Hand Weapons
 c - a +2 dagger of speed (weapon) {Ning}
Armour
 a - a +0 robe (worn)
 i - a +0 pair of boots (worn)
Wands
 j - a wand of quicksilver (4)
Scrolls
 d - a scroll of vulnerability {unknown}
 f - 2 scrolls of amnesia {unknown}
 g - 2 scrolls of identify {unknown}
 h - a scroll of immolation {unknown}
 m - a scroll of revelation {unknown}


   Skills:
 + Level 1.6 Fighting
 + Level 1.4 Short Blades
 + Level 2.4 Dodging
 + Level 2.3 Stealth
 - Level 1.7 Spellcasting
 - Level 0.8 Conjurations
 - Level 3.2 Alchemy


You had 2 spell levels left.
You knew the following spells:

 Your Spells              Type           Power      Damage    Failure   Level
a - Sting                 Conj/Alch      28%        1d4       10%         1
b - Mephitic Cloud        Conj/Alch/Air  5%         N/A       36%         3

Your spell library contained the following spells:

 Spells                   Type           Power      Damage    Failure   Level
 Mercury Vapours          Alch/Air       12%        N/A       17%         2
 Call Imp                 Summ           2%         N/A       34%         2
 Sublimation of Blood     Necr           1%         N/A       34%         2
 Olgreb's Toxic Radiance  Alch           11%        N/A       52%         4
 Fugue of the Fallen      Necr           1%         N/A       56%         3
 Ozocubu's Armour         Ice            1%         N/A       56%         3
 Sticky Flame             Fire/Alch      6%         2d4       75%         4
 Manifold Assault         Tloc           1%         N/A       92%         4
 Summon Hydra             Summ           0%         N/A       100%        7


Dungeon Overview and Level Annotations

Branches:
Dungeon (2/15)

Altars:

Annotations:
D:2 Sigmund


Innate Abilities, Weirdness & Mutations

You can wield a second weapon in your off-hand.
It takes a long time for you to wield or remove held weapons.
Your first few attacks do less damage.
You cannot equip rings or amulets.
You are agile. (Dex +4, Str/Int -1)
Your flesh is cold resistant. (rC+)
You do not regenerate when monsters are visible.


Message History

Press: ? - help, Shift-Dir - straight line, f/p - Sigmund
Aim: Sigmund, wielding a +0 scythe and wearing a +0 robe (severely wounded, poisoned, 64% to hit)
The sting misses Sigmund.
Unknown command.
Casting: Sting (safe; 9% risk of failure)
Confirm with . or Enter, or press ? or * to list all spells.
You don't have enough magic to cast this spell.
Unknown command.
You hit Sigmund.
Sigmund is severely wounded.
Sigmund hits you with a +0 scythe.
You hit Sigmund.
Sigmund is almost dead.
Sigmund looks more healthy.
You hit Sigmund.
Sigmund is almost dead.
Sigmund casts a spell.
Sigmund flickers and vanishes!
Deactivating autopickup; reactivate with Ctrl-A.
Your magical contamination has completely faded away.
You miss something. You miss something.
You hear some strange, mumbled words.
A puff of flame appears from out of thin air!
The puff of flame hits you.
You miss something. Something hits you!
You hit something but do no damage.
It was a potion of invisibility.
You fade into invisibility!
Something hits you.
* * * LOW HITPOINT WARNING * * *
It was a potion of resistance.
You feel protected.
It was a potion of mutation.
You feel extremely strange.
You feel agile.
Your regeneration stops near monsters.
You feel resistant to cold. Something hits you.
* * * LOW HITPOINT WARNING * * *
Magic courses through your body. Something hits you!
You die...

#..................#
#..................#######
#.....)†......##..........
#..........[#.............
..#+########.#.....########
##...#.....#
####..###.....#
.##....#######.##
#>......@{......#
#.#########...... #....
###...... #....
#.......#.... #............
#......##...# #......# #.#
#####.. #......


There were no monsters in sight!

Vanquished Creatures
  Jessica (D:2)
  2 adders (D:2)
  5 bats (D:1)
  An endoplasm (D:1)
  A giant cockroach (D:1)
  4 goblins
  4 hobgoblins (D:1)
  3 jackals (D:1)
  2 quokkas (D:1)
  A ball python (D:2)
  4 kobolds (D:1)
  3 rats (D:2)
31 creatures vanquished.

Notes
Turn   | Place    | Note
-------+----------+-------------------------------------------
     0 | D:1      | Shayle the Coglin Alchemist began the quest for the Orb.
     0 | D:1      | Reached XP level 1. HP: 13/13 MP: 3/3
   300 | D:1      | Reached XP level 2. HP: 20/20 MP: 4/4
   726 | D:1      | Reached skill level 1 in Fighting
  1012 | D:1      | Reached XP level 3. HP: 21/26 MP: 1/5
  1264 | D:2      | Noticed Jessica
  1270 | D:2      | Killed Jessica
  1271 | D:2      | Reached skill level 1 in Short Blades
  1358 | D:2      | Reached XP level 4. HP: 26/32 MP: 2/6
  1565 | D:2      | Noticed Sigmund
  1571 | D:2      | Learned a level 3 spell: Mephitic Cloud
  1666 | D:2      | Gained mutation: You are agile. (Dex +4, Str/Int -1)
                  | [potion of mutation]
  1666 | D:2      | Gained mutation: You do not regenerate when monsters are
                  | visible. [potion of mutation]
  1666 | D:2      | Gained mutation: Your flesh is cold resistant. (rC+)
                  | [potion of mutation]
  1667 | D:2      | Mangled by Sigmund

Illustrated notes

Levels and vault maps discovered:
D:1:      lightli_arrival_lavapool, layout_basic,
          chequers_serial_rivers_small_b, hex_tiny, kennysheep_another_room,
          minivault_27, serial_bayou_lagoon_a, minmay_split_cup_small
D:2:      layout_basic, uniq_jessica, uniq_sigmund, uniq_crazy_yiuf_cottage

Skill      XL: |  1  2  3 |
---------------+----------+-----
Dodging        | 2 |  2.4
Fighting       | 1 |  1.6
Stealth        | 2 |  2.3
Short Blades   | 1 |  1.4
Spellcasting   | |  1.7
Conjurations   | |  0.8
Alchemy        | |  3.2

Action                     |  1- 3 |  4- 6 || total
---------------------------+-------+-------++-------
  Melee: Dagger            |    46 |    15 ||    61
   Cast: Sting             |    28 |    16 ||    44
    Use: Potion            |       |     4 ||     4
   Stab: Sleeping          |     3 |     1 ||     4
 Armour: Robe              |    27 |    13 ||    40
  Dodge: Dodged            |    31 |     9 ||    40

Table legend: (Time is in decaauts)
 A = Elapsed time spent in this place.
 B = Non-inter-level travel time spent in this place.
 C = Inter-level travel time spent in this place.
 D = Time resting spent in this place.
 E = Time spent auto-exploring this place.
 F = Levels seen in this place.
 G = Mean time per level.
                   A        B        C        D        E       F      G
               +--------+--------+--------+--------+--------+-----+--------+
         Total |   1652 |   1633 |     19 |    201 |   1120 |   2 |  826.0 |
       Dungeon |   1652 |   1633 |     19 |    201 |   1120 |   2 |  826.0 |
               +--------+--------+--------+--------+--------+-----+--------+

Top non-repeatable levels by time:
     D:1: 1258 daAuts
     D:2: 394 daAuts
